 Dungeon Crawl Stone Soup version 0.18-a0-1390-gc02854d (webtiles) character file.

4441 M4edhros the Unseen (level 10, -4/58 HPs)
             Began as an Octopode Artificer on Feb 23, 2016.
             Was an Initiate of Gozag.
             Slain by an ogre
             ... wielding a +0 giant club
              (29 damage)
             ... on level 8 of the Dungeon.
             The game lasted 00:14:21 (9279 turns).

M4edhros the Unseen (Octopode Artificer)            Turns: 9279, Time: 00:14:22

Health: -4/58      AC:  1    Str: 12    XL:     10   Next: 37%
Magic:  12/12      EV: 10    Int: 17    God:    Gozag
Gold:   739        SH:  0    Dex: 14    Spells: 1 memorised, 6 levels left

rFire  . . .     SeeInvis .     s - +7 short sword "Dimallink" {pierce, +Fly rPois}
rCold  . . .     Gourm    .     p - +2 shield
rNeg   . . .     Faith    .     (helmet restricted)
rPois  +         Spirit   .     (no amulet)
rElec  .         Dismiss  .     h - ring of sustain attributes
rCorr  .         Reflect  .     q - ring of flight
SustAt +         Harm     .     l - +2 ring of strength
MR     .....                    t - ring of stealth
Stlth  +++++.....               (no ring)
                                (no ring)
                                (no ring)
                                (no ring)

@: confused, gold aura, not resistant to hostile enchantments, quite stealthy
A: almost no armour, amphibious, 8 rings, constrict 8, camouflage 1, gelatinous
body 1
a: Potion Petition, Call Merchant, Bribe Branch, Renounce Religion, Evoke Flight


You were on level 8 of the Dungeon.
You worshipped Gozag.
Gozag was noncommittal.
You were hungry.

You visited 1 branch of the dungeon, and saw 8 of its levels.

You collected 1287 gold pieces.
You paid 548 gold pieces to Gozag.

Inventory:

Hand Weapons
 s - the +7 short sword "Dimallink" (weapon) {pierce, +Fly rPois}
   (You found it on level 4 of the Dungeon)

   It inflicts extra damage upon your enemies.
   It protects you from poison.
   It lets you fly.
Missiles
 e - 60 sling bullets
 g - 203 stones (quivered)
 k - 8 javelins
Armour
 p - a +2 shield (worn)
Jewellery
 h - a ring of sustain attributes (left tentacle)
 l - a +2 ring of strength (on tentacle)
 q - a ring of flight (right tentacle)
 t - a ring of stealth (on tentacle)
Wands
 a - a wand of digging (12/24)
 b - a wand of flame (13/48)
 c - a wand of enslavement (12/24)
 d - a wand of random effects (7/48)
 u - a wand of teleportation (8/9)
 v - a wand of acid (5/15)
Scrolls
 i - a scroll of recharging
 j - 3 scrolls of immolation
 o - 3 scrolls of fog
 x - 3 scrolls of remove curse
 y - a scroll of random uselessness {unknown}
 z - a scroll of magic mapping
 B - a scroll of enchant weapon {unknown}
 D - a scroll of blinking {unknown}
Potions
 m - a potion of brilliance
Books
 C - a book of Frost

   Spells                             Type                      Level
   a - Freeze                         Ice                          1
   b - Throw Frost                    Conjuration/Ice              2
   c - Ozocubu's Armour               Charms/Ice                   3
   d - Throw Icicle                   Conjuration/Ice              4
   e - Summon Ice Beast               Ice/Summoning                4
Comestibles
 f - 7 bread rations
 n - 4 fruits
 r - a slice of pizza
 A - 6 beef jerkies


   Skills:
 - Level 1.0 Fighting
 - Level 1.0 Short Blades
 - Level 2.0 Dodging
 + Level 17.3 Stealth
 - Level 2.5 Shields
 - Level 5.8 Unarmed Combat
 - Level 3.2 Evocations


You had 6 spell levels left.
You knew the following spells:

 Your Spells              Type           Power        Failure   Level  Hunger
a - Ozocubu's Armour      Chrm/Ice       #.......     100%        3    ####...


Dungeon Overview and Level Annotations

Branches:
Dungeon (8/15)             Temple (0/1) D:7
   Lair: D:8-11

Altars:
Gozag
Qazlal
Trog
Vehumet
Yredelemnul
The Shining One

Shops:
D:8 }


Innate Abilities, Weirdness & Mutations

You cannot wear most types of armour.
You are amphibious.
You can wear up to eight rings at the same time.
You can use your tentacles to constrict eight enemies at once.
Your skin changes colour to match your surroundings (Stealth).
Your rubbery body absorbs attacks (AC +1).


Message History

You closely miss the orc warrior.
The ogre shouts!
You grab the orc warrior. You constrict the orc warrior.
The orc hits you with a club. You block the orc warrior's attack.
Drink which item? (? for menu, Esc to quit)
It was a potion of ambrosia.
You are confused.
You feel invigorated.
You constrict the orc warrior. The orc hits you with a club.
The orc warrior hits you with a trident!!
You release your grip on the orc warrior.
You puncture the orc!
You kill the orc!
The orc warrior misses you.
You're too confused to move!
The orc warrior hits you from afar with a trident!
The ogre hits you with a giant club!!
Ouch! That really hurt!
You die...
Your body crumbles into a pile of gold.

###.# ##..#........####
..#.#####.............#
..#.#.............##.##
......#####.......##.#
....### #.##...###.# #.###
#.###..###.### #.#
#....#.......## #.#####
####..$.......## #.....###
##.@........# #.###...###
#.O........# ..........#
#.o........# .#........##
#..........#
...........#####.........#
..._..8.._...............#
.............###.........#
..........#### #.........#
[............# #.........#


You could see an orc warrior and an ogre.

Vanquished Creatures
  The ghost of nublet the Grappler, a novice DrTm of Sif Muna (D:8)
  Pikel (D:7)
  A kobold demonologist (D:7)
  2 water moccasins
  A gnoll sergeant (D:7)
  2 orc warriors
  2 sky beasts (D:7)
  A slave (D:7)
  4 ogres
  6 centaurs
  4 big kobolds
  2 giant frogs
  A water moccasin zombie (D:5)
  2 scorpions
  2 wights (D:3)
  4 crimson imps
  5 hounds
  3 orc priests
  A centaur skeleton (D:8)
  5 orc wizards
  An iguana (D:8)
  Jessica (D:2)
  3 worker ants
  A hound skeleton (D:7)
  A worker ant zombie (D:8)
  11 gnolls
  6 adders
  A shadow imp (D:7)
  An adder zombie (D:7)
  3 worms
  2 dart slugs
  A giant gecko (D:6)
  32 orcs
  4 giant cockroaches
  10 goblins
  14 hobgoblins
  8 jackals
  18 kobolds
  7 quokkas
  2 ball pythons
  6 bats
  A giant gecko zombie (D:5)
  3 giant newts
  9 rats
196 creatures vanquished.

Vanquished Creatures (others)
  A slave (D:7)
  A hound (D:4)
  A gnoll (D:7)
  A giant gecko (D:7)
  A giant gecko zombie (D:7)
  A giant newt (D:7)
6 creatures vanquished.

Grand Total: 202 creatures vanquished

Notes
Turn   | Place    | Note
--------------------------------------------------------------
     0 | D:1      | M4edhros the Octopode Artificer began the quest for the Orb.
     0 | D:1      | Reached XP level 1. HP: 13/13 MP: 3/3
   117 | D:1      | Reached skill level 1 in Unarmed Combat
   445 | D:1      | Reached XP level 2. HP: 12/18 MP: 4/4
   578 | D:1      | Found a glowing golden altar of the Shining One.
   731 | D:1      | Reached XP level 3. HP: 7/23 MP: 5/5
  1358 | D:2      | Found a faded altar to an unknown god.
  1363 | D:2      | Reached XP level 4. HP: 23/28 MP: 6/6
  1427 | D:2      | Noticed Jessica
  1433 | D:2      | Killed Jessica
  1633 | D:2      | Gained mutation: Scrolls take you a little longer to read. [potion of mutation]
  1633 | D:2      | Gained mutation: You are resistant to hostile enchantments. [potion of mutation]
  1633 | D:2      | Gained mutation: You are agile. (Dex +2) [potion of mutation]
  1939 | D:2      | Reached XP level 5. HP: 25/33 MP: 7/7
  2405 | D:3      | Reached skill level 5 in Unarmed Combat
  3216 | D:3      | Reached skill level 1 in Shields
  3309 | D:3      | Reached XP level 6. HP: 25/38 MP: 8/8
  3357 | D:3      | Lost mutation: You are agile. (Dex +2) [potion of cure mutation]
  3357 | D:3      | Lost mutation: You are resistant to hostile enchantments. [potion of cure mutation]
  3357 | D:3      | Lost mutation: Scrolls take you a little longer to read. [potion of cure mutation]
  3736 | D:4      | Got a pitted short sword
  3737 | D:4      | Identified the +7 short sword "Dimallink" {pierce, +Fly rPois} (You found it on level 4 of the Dungeon)
  3790 | D:4      | Found an opulent altar of Gozag.
  3916 | D:4      | Became a worshipper of Gozag Ym Sagoz the Greedy
  4252 | D:4      | Reached skill level 3 in Stealth
  4252 | D:4      | Reached XP level 7. HP: 37/43 MP: 9/9
  4483 | D:5      | Entered Level 5 of the Dungeon
  4549 | D:5      | Found a radiant altar of Vehumet.
  4698 | D:5      | Reached skill level 4 in Stealth
  4748 | D:5      | Reached skill level 5 in Stealth
  4756 | D:5      | Found a basalt altar of Yredelemnul.
  4761 | D:5      | Reached skill level 6 in Stealth
  4787 | D:5      | Reached skill level 7 in Stealth
  5121 | D:5      | Reached skill level 8 in Stealth
  5121 | D:5      | Reached XP level 8. HP: 48/48 MP: 10/10
  5244 | D:6      | Reached skill level 9 in Stealth
  5495 | D:6      | Reached skill level 10 in Stealth
  5820 | D:6      | Found a stormy altar of Qazlal.
  5837 | D:6      | Learned a level 3 spell: Ozocubu's Armour
  5973 | D:6      | Reached skill level 11 in Stealth
  6345 | D:7      | Noticed a kobold demonologist
  6346 | D:7      | Noticed a ynoxinul
  6362 | D:7      | Reached skill level 12 in Stealth
  6362 | D:7      | Reached XP level 9. HP: 30/53 MP: 11/11
  6370 | D:7      | Killed a kobold demonologist
  6370 | D:7      | Reached skill level 13 in Stealth
  6705 | D:7      | Noticed Pikel
  6724 | D:7      | Killed Pikel
  6724 | D:7      | Reached skill level 14 in Stealth
  6973 | D:7      | Reached skill level 15 in Stealth
  7589 | D:7      | Found a staircase to the Ecumenical Temple.
  7683 | D:8      | Found a bloodstained altar of Trog.
  7683 | D:8      | Found a basalt altar of Yredelemnul.
  8171 | D:8      | Reached XP level 10. HP: 51/58 MP: 12/12
  8174 | D:8      | Noticed nublet's ghost (novice DrTm)
  8175 | D:8      | Reached skill level 16 in Stealth
  8579 | D:8      | Killed nublet's ghost
  9035 | D:8      | Reached skill level 17 in Stealth
  9279 | D:8      | Slain by an ogre

Vault maps used:
D:1:      dpeg_arrival_rooms_b, minmay_misc_feat_cross, tso_metal_star
D:2:      ecumenical_altar_2, first_bread, uniq_jessica
D:4:      kennysheep_spiral_hall, overflow_temple_1_default
D:5:      kennysheep_steamy, kennysheep_little_box, kennysheep_mini, basic_altar
D:6:      grunt_qazlal_clouds
D:7:      minmay_temple_entry_poolview, grunt_ogre_cave, uniq_pikel
D:8:      grunt_temple_overflow_open, minmay_unpleasant_kobolds

Skill      XL: |  1  2  3  4  5  6  7  8  9 10 |
---------------+-------------------------------+-----
Unarmed Combat | 1 2 3 4 5 |  5.8
Shields        | 1 2 |  2.5
Stealth        | 3 8 12 15 17 | 17.3
Fighting       | |  1.0
Short Blades   | |  1.0
Dodging        | |  2.0
Evocations     | |  3.2

Action                   |  1- 3 |  4- 6 |  7- 9 | 10-12 || total
-------------------------+-------+-------+-------+-------++-------
Melee: Unarmed           |    83 |   139 |       |       ||   222
       Short sword       |       |    11 |   171 |    76 ||   258
Throw: Stone             |       |       |       |     1 ||     1
Invok: Potion Petition   |       |       |       |     1 ||     1
       Call Merchant     |       |       |       |     1 ||     1
Evoke: Wand              |       |     5 |     2 |    10 ||    17
  Use: Potion            |       |     8 |     4 |     2 ||    14
       Scroll            |       |     2 |     5 |       ||     7
 Stab: Sleeping          |    11 |    18 |    11 |    13 ||    53
       Distracted        |       |       |     1 |       ||     1
  Eat: Chunk             |     1 |     8 |       |       ||     9
       Meat ration       |       |       |     2 |       ||     2
       Royal jelly       |       |       |     1 |       ||     1
       Bread ration      |       |       |     1 |       ||     1
       Pizza             |       |       |       |     1 ||     1
